 Dungeon Crawl Stone Soup version 0.25-a0-310-g60f0ac2d9a (webtiles) character file.

Game seed: 57755494378286563, levelgen mode: deterministic

26 Glalom the Firebug (level 2, -1/15 HPs)
             Began as a Deep Elf Fire Elementalist on Dec 23, 2019.
             Was an Initiate of Sif Muna.
             Slain by Jessica (5 damage)
             ... on level 2 of the Dungeon.
             The game lasted 00:02:58 (1097 turns).

Glalom the Firebug (Deep Elf Fire Elementalist)     Turns: 1097, Time: 00:02:59

Health: -1/15      AC:  2    Str:  5    XL:     2   Next: 89%
Magic:  1/8        EV: 13    Int: 19    God:    Sif Muna [......]
Gold:   35         SH:  0    Dex: 15    Spells: 6/7 levels left

rFire    . . .     SeeInvis .   b - +0 whip
rCold    . . .     Gourm    .   (no shield)
rNeg     . . .     Faith    .   a - +0 robe
rPois    .         Spirit   .   (no helmet)
rElec    .         Reflect  .   (no cloak)
rCorr    .         Harm     .   (no gloves)
MR       .....                  (no boots)
Stlth    ++........             (no amulet)
HPRegen  0.05/turn              (no ring)
MPRegen  0.11/turn              (no ring)

@: very slightly contaminated
A: no striking features
a: Renounce Religion


You were on level 2 of the Dungeon.
You worshipped Sif Muna.
Sif Muna was noncommittal.
You were not hungry.

You visited 1 branch of the dungeon, and saw 2 of its levels.

You collected 35 gold pieces.

Inventory:

Hand Weapons
 b - a +0 whip (weapon)
 f - a +4 hand axe
 n - a +1 whip of draining
Armour
 a - a +0 robe (worn)
Jewellery
 e - an uncursed amulet of harm {unknown}
Scrolls
 g - a scroll of immolation {unknown}
 i - a scroll of teleportation {unknown}
 j - a scroll of blinking {unknown}
 l - a scroll of remove curse
 m - a scroll of fog {unknown}
Potions
 d - a potion of berserk rage {unknown}
 h - a potion of lignification {unknown}
 k - a potion of heal wounds {unknown}
Comestibles
 c - 4 rations


   Skills:
 - Level 2.5 Dodging
 - Level 2.4 Stealth
 - Level 3.3 Spellcasting
 + Level 1.7 Conjurations
 + Level 4.1 Fire Magic


You had 6 spell levels left.
You knew the following spells:

 Your Spells              Type           Power        Failure   Level  Hunger
a - Foxfire               Conj/Fire      ##..         4%          1    None

Your spell library contained the following spells:

 Spells                   Type           Power        Failure   Level  Hunger
 Conjure Flame            Conj/Fire      ##......     14%         3    ###....
 Inner Flame              Hex/Fire       ##......     19%         3    ###....
 Sticky Flame             Conj/Fire      ##......     41%         4    ####...
 Fireball                 Conj/Fire      ##........   77%         5    ######.


Dungeon Overview and Level Annotations

Branches:
Dungeon (2/15)

Altars:
Dithmenos
Nemelex Xobeh
Okawaru
Qazlal
Sif Muna
Uskayaw
Zin

Annotations:
D:2 Jessica


Message History

Jessica shouts, "You're disturbing me!
I'll have to kill you!"
Jessica points at you and mumbles some strange words.
Pain shoots through your body!
* * * LOW HITPOINT WARNING * * *
Casting: Foxfire (safe; 4% risk of failure)
Confirm with . or Enter, or press ? or * to list all spells.
You conjure some foxfire!
Jessica barely misses you.
The foxfire hits Jessica but does no damage.
Jessica is almost dead.
The foxfire hits Jessica but does no damage.
Jessica is almost dead.
Jessica grins evilly.
Jessica casts a spell.
Jessica seems to speed up.
Jessica mumbles some strange words.
Jessica blinks!
Casting: Foxfire (safe; 4% risk of failure)
Confirm with . or Enter, or press ? or * to list all spells.
You conjure some foxfire!
Jessica hits you.
You die...

#§§..#§⌠.≈#≈≈..#
#...§#≈≈≈≈§≈...#
###...≈≈#++#≈§...##.#
.....≈≈≈≈...≈.....#.#
.##.............#.#.#
.##.............#.#.#
............###.#.#.#
# . .#####.####.#
#@#.#.#.#... .# #.#
#.# #v@.§....... .#
#.# #.# #v...$......
.# #.# #.#
#..#..###... .# #.#
#.# #..##..?. .#
#.####.###..# ..##..
.#####...........#
#.#
.#<..............# ..
.##########..###.#
..# .# ..# #.# ...


You could see Jessica.

Vanquished Creatures
  A dart slug (D:1)
  4 leopard geckos (D:1)
  A giant cockroach (D:1)
  A goblin (D:1)
  2 hobgoblins (D:1)
  2 bats
  3 kobolds (D:1)
  7 rats (D:1)
21 creatures vanquished.

Vanquished Creatures (others)
  52 foxfires
52 creatures vanquished.

Grand Total: 73 creatures vanquished

Notes
Turn   | Place    | Note
-------+----------+-------------------------------------------
     0 | D:1      | Glalom the Deep Elf Fire Elementalist began the quest for
                  | the Orb.
     0 | D:1      | Reached XP level 1. HP: 10/10 MP: 6/6
   181 | D:1      | Reached XP level 2. HP: 15/15 MP: 5/8
   459 | D:1      | Reached skill level 4 in Fire Magic
   840 | D:2      | Found a stormy altar of Qazlal.
   855 | D:2      | Found a faded altar of an unknown god.
  1007 | D:2      | Found a hide-covered altar of Uskayaw.
  1011 | D:2      | Found a shimmering blue altar of Sif Muna.
  1011 | D:2      | Found a sparkling altar of Nemelex Xobeh.
  1012 | D:2      | Found an iron altar of Okawaru.
  1014 | D:2      | Found a shadowy altar of Dithmenos.
  1016 | D:2      | Found a glowing silver altar of Zin.
  1019 | D:2      | Became a worshipper of Sif Muna the Loreminder
  1073 | D:2      | Noticed Jessica
  1097 | D:2      | Slain by Jessica

Levels and vault maps discovered:
D:1:      eino_arrival_water_star, layout_basic, minmay_misc_feat_hallway,
          serial_bayou_pond_e
D:2:      layout_basic, minitemple, nicolae_qazlal_general_emergency,
          first_ration, chequers_ecumenical_altar_simple, uniq_natasha,
          uniq_jessica

Skill      XL: |  1  2 |
---------------+-------+-----
Fire Magic     | 4 |  4.1
Dodging        | |  2.5
Stealth        | |  2.4
Spellcasting   | |  3.3
Conjurations   | |  1.7

Action                   || total
-------------------------++-------
Melee: Whip              ||     1
 Cast: Foxfire           ||    33
  Use: Scroll            ||     1
Armor: Robe              ||     3
Dodge: Dodged            ||     6

Table legend:
 A = Non-vault XP
 B = Vault XP
 C = Vault XP percentage of total XP
 D = Non-vault monster count
 E = Vault monster count
 F = Vault count percentage of total count
                 A         B        C        D         E       F
            +---------+---------+-------+---------+---------+-------
      Total |      38 |       0 |   0.0 |      21 |       0 |   0.0
            +---------+---------+-------+---------+---------+-------
        D:1 |      36 |       0 |   0.0 |      20 |       0 |   0.0
        D:2 |       2 |       0 |   0.0 |       1 |       0 |   0.0
            +---------+---------+-------+---------+---------+-------
